 Dungeon Crawl Stone Soup version 0.28-b1-25-g9875b3fc8c (webtiles) character file.

Game seed: 4488772771543472273

2600 crazypyro the Grappler (level 9, -4/63 HPs)
             Began as a Demonspawn Monk on Jan 31, 2022.
             Killed from afar by an orc wizard (15 damage)
             ... with a puff of flame
             ... on level 7 of the Dungeon.
             The game lasted 00:12:55 (5754 turns).

crazypyro the Grappler (Demonspawn Monk)            Turns: 5754, Time: 00:12:56

Health: -4/63      AC: 14    Str: 17    XL:     9   Next: 33%
Magic:  9/9        EV: 10    Int: 11    God:
Gold:   403        SH:  0    Dex: 21    Spells: 8/8 levels left

rFire   . . .      SeeInvis .     - Unarmed
rCold   . . .      Faith    .   (no shield)
rNeg    + . .      Spirit   .   B - +0 chain mail {rPois}
rPois   +          Reflect  .   (helmet restricted)
rElec   .          Harm     .   j - +0 cloak
rCorr   .          Rampage  .   (no gloves)
Will    .....                   (no boots)
Stlth   ..........              e - amulet of regeneration
HPRegen 1.00/turn               p - +6 ring of dexterity
MPRegen 0.11/turn               H - ring of positive energy

@: no status effects
A: antennae 1, yellow scales 2, demonic guardian 1, foul stench 1
a: no special abilities


You were on level 7 of the Dungeon.
You visited 1 branch of the dungeon, and saw 7 of its levels.
You also visited: Ossuary.

You collected 403 gold pieces.

Inventory:

Hand Weapons
 F - a +0 battleaxe
 I - a +5 hand axe
Armour
 a - a +0 robe
 j - a +0 cloak (worn)
 o - a +0 chain mail
 q - a +2 animal skin
 r - a +0 helmet
 v - a +0 plate armour
 x - a +2 leather armour of cold resistance
 B - a +0 chain mail of poison resistance (worn)
Jewellery
 e - an amulet of regeneration (around neck)
 m - a ring of fire
 p - a +6 ring of dexterity (left hand)
 z - a ring of willpower
 H - a ring of positive energy (right hand)
Wands
 b - a wand of flame (33)
 w - a wand of iceblast (8)
 G - a wand of mindburst (16)
 K - a wand of polymorph (14)
Scrolls
 c - 5 scrolls of teleportation
 k - 4 scrolls of brand weapon
 y - 9 scrolls of identify
 C - 4 scrolls of fear
 E - 3 scrolls of enchant weapon
Potions
 d - 3 potions of heal wounds
 f - a potion of might {unknown}
 g - 2 potions of mutation {unknown}
 h - 2 potions of lignification {unknown}
 i - a potion of resistance {unknown}
 l - a potion of attraction {unknown}
 n - 2 potions of ambrosia {unknown}
 s - 6 potions of curing {unknown}
 t - 3 potions of flight {unknown}
 u - 3 potions of brilliance {unknown}
 A - 2 potions of magic {unknown}
 D - 2 potions of degeneration {unknown}
 J - a potion of cancellation {unknown}


   Skills:
 - Level 3.0 Fighting
 + Level 5.4 Armour
 + Level 5.2 Dodging
 - Level 1.7 Stealth
 * Level 9.1 Unarmed Combat
 - Level 3.0 Evocations


You had 8 spell levels left.
You didn't know any spells.
Your spell library contained the following spells:

 Spells                   Type           Power      Damage    Failure   Level
 Beastly Appendage        Tmut           0%         N/A       99%         1
 Corpse Rot               Necr/Air       0%         N/A       100%        2
 Poisonous Vapours        Pois/Air       0%         N/A       100%        2
 Wereblood                Tmut           0%         N/A       100%        2
 Call Canine Familiar     Summ           0%         N/A       100%        3
 Gell's Gravitas          Tloc           0%         N/A       100%        3
 Lesser Beckoning         Tloc           0%         N/A       100%        3
 Portal Projectile        Hex/Tloc       0%         N/A       100%        3
 Spider Form              Tmut/Pois      0%         N/A       100%        3
 Teleport Other           Tloc           0%         N/A       100%        3
 Leda's Liquefaction      Hex/Erth       0%         N/A       100%        4
 Malign Gateway           Summ/Tloc      0%         N/A       100%        7
 Summon Horrible Things   Summ           0%         N/A       100%        8


Dungeon Overview and Level Annotations

Branches:
Dungeon (7/15)            Ossuary (visited)
 Temple: D:4-7

Altars:
Dithmenos
Elyvilon
Gozag
Hepliaklqana
Kikubaaqudgha
Nemelex Xobeh
Ru
Uskayaw
Xom

Shops:
D:2 [   D:4 :


Innate Abilities, Weirdness & Mutations

You have a pair of small antennae on your head.
You are mostly covered in yellow scales. (AC +3)
A weak demonic guardian rushes to your aid.
You may rarely emit foul miasma when damaged in melee.


Message History

The orc warrior is severely wounded.
The orc warrior hits you with a +0 mace.
You completely miss the orc warrior.
The orc warrior is severely wounded.
The orc warrior barely misses you.
You hit the orc warrior but do no damage.
The orc warrior is severely wounded.
You punch the orc warrior!
You kill the orc warrior!
Something hits you but does no damage.
The orc priest hits you with a +0 war axe.
Things that are here:
a +0 mace; a +0 chain mail; an orc corpse You punch the orc priest!
The orc priest is heavily wounded.
Something hits you but does no damage.
The orc priest calls down the wrath of Beogh upon you.
Beogh smites you!
* * * LOW HITPOINT WARNING * * *
A demonic guardian appears!
You closely miss the orc priest.
The orc priest is heavily wounded.
You hear some strange, mumbled words.
Something tries to affect you, but you resist.
The orc priest looks encouraged for a moment.
You closely miss the orc priest.
You punch the orc priest, but do no damage.
The orc priest is heavily wounded.
Your shadow imp misses the orc priest.
Something hits you.
* * * LOW HITPOINT WARNING * * *
Unknown command.
You punch the orc priest!
You kill the orc priest!
Something hits you but does no damage.
You closely miss something.
Your ufetubus disappears in a puff of smoke!
You hear some strange, mumbled words.
A puff of flame appears from out of thin air!
The puff of flame hits you!
You die...

.....#....
###.#..#....
...........
#../.......
...)......
#......[..
#...[..... ###
#{5...............
#@#.######........
#ยง#.#
####........
#.#.###..........#
#..............)..
###.##..........)#
#.##.####......#
#.##.####.......
#.......#......#
#.......#......#


You could see a friendly shadow imp (summoned).

Vanquished Creatures
  2 centaur zombies (D:6)
  Grinder (D:3)
  Eustachio (D:5)
  A water moccasin (D:6)
  An orc warrior (D:7)
  A black bear (D:5)
  An ice beast (D:6)
  An ogre (D:5)
  A necrophage (D:7)
  3 centaurs (D:6)
  A phantom (D:6)
  A bullfrog (D:6)
  2 scorpions
  A water moccasin zombie (D:5)
  3 wights (D:6)
  Crazy Yiuf (D:3)
  A hound (D:5)
  2 orc priests (D:7)
  A bullfrog skeleton (D:6)
  3 jellies
  Terence (D:2)
  Natasha (thrice) (D:3)
  An orc wizard (D:3)
  8 mummies (Ossuary)
  Robin (D:3)
  A gnoll (D:3)
  9 adders
  An ufetubus (D:4)
  2 adder skeletons
  A worm (D:5)
  5 dart slugs
  3 orcs
  7 ball pythons
  5 bats
  10 endoplasms
  4 giant cockroaches
  A gnoll zombie (Ossuary)
  9 hobgoblins
  2 jackals (D:3)
  2 quokkas
  3 frilled lizards
  10 goblins
  3 hobgoblin zombies (Ossuary)
  7 kobolds
  A kobold zombie (Ossuary)
  3 orc zombies (Ossuary)
  3 rats
135 creatures vanquished.

Vanquished Creatures (others)
  8 fungi (D:6)
8 creatures vanquished.

Grand Total: 143 creatures vanquished

Notes
Turn   | Place    | Note
-------+----------+-------------------------------------------
     0 | D:1      | crazypyro the Demonspawn Monk began the quest for the Orb.
     0 | D:1      | Reached XP level 1. HP: 18/18 MP: 1/1
   167 | D:1      | Reached skill level 3 in Unarmed Combat
   415 | D:1      | Gained mutation: You are partially covered in yellow
                  | scales. (AC +2) [demonic ancestry]
   415 | D:1      | Reached XP level 2. HP: 22/24 MP: 2/2
  1190 | D:1      | Gained mutation: You are mostly covered in yellow scales.
                  | (AC +3) [demonic ancestry]
  1190 | D:1      | Reached XP level 3. HP: 29/29 MP: 3/3
  1288 | D:2      | Reached skill level 4 in Unarmed Combat
  1312 | D:2      | Found Nouttoakh's Armour Emporium.
  1777 | D:2      | Noticed Terence
  1810 | D:2      | Killed Terence
  1811 | D:2      | Reached skill level 1 in Armour
  1811 | D:2      | Reached XP level 4. HP: 10/35 MP: 4/4
  1999 | D:3      | Noticed Robin
  2025 | D:3      | Killed Robin
  2105 | D:3      | Found a hide-covered altar of Uskayaw.
  2179 | D:3      | Noticed Grinder
  2224 | D:3      | Killed Grinder
  2225 | D:3      | Reached skill level 5 in Unarmed Combat
  2225 | D:3      | Reached XP level 5. HP: 16/41 MP: 5/5
  2225 | D:3      | Gained mutation: You may rarely emit foul miasma when
                  | damaged in melee. [demonic ancestry]
  2225 | D:3      | Reached XP level 6. HP: 18/47 MP: 6/6
  2566 | D:3      | Found a runed translucent door.
  2566 | D:3      | Noticed Natasha
  2566 | D:3      | Noticed Crazy Yiuf
  2686 | D:3      | Reached skill level 6 in Unarmed Combat
  2769 | D:3      | Killed Natasha
  2777 | D:3      | Killed Crazy Yiuf
  2840 | D:4      | Found Edufax's Book Boutique.
  2850 | D:3      | Noticed Natasha
  2857 | D:3      | Killed Natasha
  2910 | D:3      | Noticed Natasha
  2922 | D:3      | Killed Natasha
  3371 | D:4      | Gained mutation: You have a pair of small antennae on your
                  | head. [demonic ancestry]
  3371 | D:4      | Reached XP level 7. HP: 52/52 MP: 7/7
  3387 | D:4      | Found a shadowy altar of Dithmenos.
  3681 | D:5      | Entered Level 5 of the Dungeon
  3777 | D:5      | Found a sacrificial altar of Ru.
  3800 | D:5      | Reached skill level 1 in Evocations
  3865 | D:5      | Found a sand-covered staircase.
  3892 | Ossuary  | Entered an ossuary
  4266 | D:5      | Noticed Eustachio
  4267 | D:5      | Found an opulent altar of Gozag.
  4278 | D:5      | Reached skill level 7 in Unarmed Combat
  4380 | D:5      | Killed Eustachio
  4381 | D:5      | Reached XP level 8. HP: 36/58 MP: 8/8
  4569 | D:5      | Found a hazy altar of Hepliaklqana.
  4661 | D:5      | Found an ancient bone altar of Kikubaaqudgha.
  4664 | D:5      | Found a shimmering altar of Xom.
  4671 | D:5      | Found a sparkling altar of Nemelex Xobeh.
  5162 | D:6      | Reached skill level 8 in Unarmed Combat
  5226 | D:6      | Reached skill level 5 in Armour
  5226 | D:6      | Gained mutation: A weak demonic guardian rushes to your
                  | aid. [demonic ancestry]
  5226 | D:6      | Reached XP level 9. HP: 57/63 MP: 9/9
  5562 | D:6      | Reached skill level 5 in Dodging
  5704 | D:7      | Reached skill level 9 in Unarmed Combat
  5754 | D:7      | Killed from afar by an orc wizard

Illustrated notes

Levels and vault maps discovered:
D:1:      dpeg_arrival_simpleton_a, layout_basic, serial_bayou,
          serial_bayou_pond_e, serial_bayou_pond_c, serial_bayou_shore_a,
          serial_bayou_lake_a
D:2:      layout_loops_ring, serial_shops, nicolae_shop_statue_plus,
          uniq_terence
D:3:      minmay_wonky_spiral, layout_basic, old_standard_altar,
          lemuel_coloured_pillars_altar, hangedman_abyss_or_decor_lesser_grid,
          chequers_decorated_corner, uniq_crazy_yiuf_cottage, uniq_grinder,
          uniq_natasha, uniq_robin
D:4:      layout_basic, lemuel_tele_altar, serial_shops,
          nicolae_shop_statue_plus
D:5:      layout_rooms, mainiacjoe_overflow_alcove_1,
          nicolae_ru_the_path_less_chosen, minitemple,
          mainiacjoe_overflow_cross_hatched, nicolae_ossuary_entry_monument,
          uniq_eustachio
D:6:      layout_loops_cross, serial_aquarium, aquarium_bridge_straight
          [aquarium_subvault_bridge, aquarium_subvault_wall,
          aquarium_subvault_bridge, aquarium_subvault_balcony],
          aquarium_window_corner, aquarium_window_2, aquarium_window_1,
          aquarium_window_corner, aquarium_view_4, aquarium_balcony_1b
D:7:      layout_basic, minmay_temple_entry_gardened_gates, enter_bailey_5,
          uniq_maggie

Skill      XL: |  1  2  3  4  5  6  7  8  9 |
---------------+----------------------------+-----
Unarmed Combat | 3 4 5 6 7 8 9 |  9.1
Armour         | 1 2 3 5 |  5.4
Evocations     | 2 3 |  3.0
Dodging        | 3 4 5 |  5.2
Fighting       | |  3.0
Stealth        | |  1.7

Action                   |  1- 3 |  4- 6 |  7- 9 || total
-------------------------+-------+-------+-------++-------
Melee: Unarmed           |   161 |   227 |   385 ||   773
       Punch             |     4 |     6 |    25 ||    35
       Hand axe          |       |       |     7 ||     7
  Use: Scroll            |       |     5 |     6 ||    11
       Potion            |       |       |     2 ||     2
 Stab: Sleeping          |     9 |       |       ||     9
Armor: Robe              |    37 |       |       ||    37
       Chain mail        |       |   132 |   265 ||   397
       Plate armour      |       |    30 |    45 ||    75
Dodge: Dodged            |    97 |    66 |   158 ||   321
